 Dungeon Sprint DCSS version 0.21.1-1-g345015f (webtiles) character file.

7352 Fang the Warrior (level 10, -1/166 HPs)
             Began as a Minotaur Berserker on May 24, 2018.
             Was the Champion of Trog.
             Slain by a stone giant (11 damage)
             ... in the Dungeon (Sprint V: "Ziggurat Sprint").
             The game lasted 00:05:41 (1672 turns).

Fang the Warrior (Minotaur Berserker)               Turns: 1672, Time: 00:05:41

Health: -1/166     AC:  7    Str: 36    XL:     10   Next: 91%
Magic:  0/3        EV: 15    Int:  4    God:    Trog [******]
Gold:   0          SH:  0    Dex: 10    Spells: 9/9 levels left

rFire    + + .     SeeInvis .   B - +6 war axe (antimagic)
rCold    . . .     Gourm    .   (no shield)
rNeg     . . .     Faith    .   b - +3 salamander hide armour {+Rage rF++}
rPois    .         Spirit   +   (helmet restricted)
rElec    .         Reflect  .   (no cloak)
rCorr    .         Harm     .   (no gloves)
MR       .....     NoTele   +   (no boots)
Stlth    ..........             D - amulet of guardian spirit
HPRegen  0.37/turn              G - ring of flight
MPRegen  0.08/turn              F - +6 ring of strength

@: berserking (expiring), studying Throwing, drained, very quick
A: retaliatory headbutt, horns 2
a: Berserk, Trog's Hand, Brothers in Arms, Burn Spellbooks, Renounce Religion,
Evoke Berserk Rage, Evoke Flight


You were in the Dungeon.
You worshipped Trog.
Trog was exalted by your worship.
You were near starving.

You visited 1 branch

Inventory:

Hand Weapons
 B - a +6 antimagic war axe (weapon)
 J - the +7 war axe "Ycvonong" {venom, rElec rC- MP+9 Dex+8}
   (You found it in the Dungeon)

   It poisons the flesh of those it strikes.
   It affects your dexterity (+8).
   It makes you vulnerable to cold.
   It insulates you from electricity.
   It affects your magic capacity (+9).
 L - a +3 war axe of flaming
 M - the +2 trident of Huewnoeg {holy, rElec}
   (Trog gifted it to you in the Dungeon)

   It has been blessed by the Shining One to cause great damage to the undead
   and demons.
   It insulates you from electricity.
Armour
 b - the +3 salamander hide armour (worn) {+Rage rF++}
   (You found it in the Dungeon)

   It greatly protects you from fire.
   It lets you go berserk.
 j - +5 shadow dragon scales
Jewellery
 D - an amulet of guardian spirit (around neck)
 F - a +6 ring of strength (right hand)
 G - a ring of flight (left hand)
 K - the ring "Hoam" {MR+ MP+9 Slay+2}
   (You found it in the Dungeon)

   [ring of protection from magic]

   It affects your accuracy and damage with ranged weapons and melee attacks
   (+2).
   It affects your resistance to hostile enchantments.
   It affects your magic capacity (+9).
Wands
 x - a wand of disintegration (7)
 y - a wand of iceblast (7)
 z - a wand of acid (7)
Scrolls
 i - 4 scrolls of blinking
 k - 3 scrolls of brand weapon
 m - 7 scrolls of fog
 n - 2 scrolls of holy word
 o - 5 scrolls of identify
 p - 5 scrolls of remove curse
 q - 2 scrolls of fear
Potions
 d - 8 potions of curing
 e - 8 potions of heal wounds
 f - 6 potions of haste
 g - 7 potions of magic
 h - 3 potions of berserk rage
 r - 2 potions of brilliance
 s - 2 potions of invisibility
 t - 4 potions of resistance
 u - a potion of experience
 v - 5 potions of agility
 w - 5 potions of might
Books
 H - a manual of Throwing
Miscellaneous
 a - a phial of floods
 A - a phial of floods
 C - 2 boxes of beasts
 E - a phial of floods
 I - a lamp of fire
 O - a sack of spiders
Comestibles
 c - 7 rations


   Skills:
 + Level 17.6(16.7) Fighting
 + Level 17.2(17.4) Axes
 + Level 11.4(14.6) Polearms
 + Level 10.8(10.0) Armour
 + Level 9.5(8.8) Dodging
 + Level 0.7(0.1) Stealth


You had 9 spell levels left.
You didn't know any spells.

Dungeon Overview and Level Annotations

Branches:
Dungeon (1/1)

Altars:
Ashenzari
Cheibriados
Dithmenos
Elyvilon
Fedhas
Gozag
Hepliaklqana
Kikubaaqudgha
Makhleb
Nemelex Xobeh
Okawaru
Qazlal
Ru
Sif Muna
Trog
Uskayaw
Vehumet
Wu Jian
Xom
Yredelemnul
Zin
The Shining One
Beogh
Jiyva
Lugonu

Annotations:
D 1 transporter


Innate Abilities, Weirdness & Mutations

You reflexively headbutt those who attack you in melee.
You have a pair of horns on your head.


Message History

Unknown command.
Unknown command.
You are too injured to fight recklessly!
You barely miss the vault guard. Your headbutt misses the vault guard.
The vault guard is lightly wounded.
You slash the vault guard! x2; You slash the shadow dragon!
You slash the vault guard! You slash the stone giant!
The vault guard hits you from afar with a bardiche.
* * * LOW HITPOINT WARNING * * *
The vault guard hits you with a great sword!
* * * LOW HITPOINT WARNING * * *
You slice the vault guard!! You headbutt the vault guard!!
The vault guard is almost dead.
You hit the vault guard. You barely miss the vault guard.
You slash the shadow dragon! You slice the vault guard!!
You slash the stone giant!
The vault guard hits you with a war axe!
* * * LOW HITPOINT WARNING * * *
The stone giant hits you!
You die...

▓▓▓▓▓▓▓▓▓▓▓
▓...8©8...▓...8©8...▓
▓..|[}[...▓..|)..)..▓
▓..|:|:|..▓..).==)..▓
▓.........▓.........▓
▓.........▓.........▓
▓..cC.p...▓.........▓
▓..Dppp...▓.........▓
▓..p@p....▓.........▓
▓.▓..C..▓.▓.........▓
▓....©....▓....©....▓
▓▓▓▓▓▓▓▓▓▓▓▓▓▓▓▓▓▓▓▓▓


You could see a shadow dragon, 2 stone giants, 6 vault guards and a yaktaur.

Vanquished Creatures
  A vault guard (D)
  A dancing weapon (D)
  A deep elf knight (D)
  2 deep elf magi (D)
  3 wolf spiders (D)
  A black mamba (D)
  2 demonic crawlers (D)
  4 merfolk (D)
  A jumping spider (D)
  2 tarantellas (D)
  2 redbacks (D)
  An air elemental (D)
  A yak (D)
  A naga (D)
  4 hell hounds (D)
  2 water moccasins (D)
  2 phantoms (D)
  2 necrophages (D)
  4 wights (D)
  2 orc wizards (D)
  2 orc priests (D)
  4 adders (D)
  2 river rats (D)
  A white imp (D)
  2 adder skeletons (D)
  2 adder zombies (D)
  4 orcs (D)
  2 ball pythons (D)
  5 bat skeletons (D)
  A bat zombie (D)
  A giant cockroach zombie (D)
65 creatures vanquished.

Vanquished Creatures (others)
  Rupert (D)
  Erolcha (D)
  Erica (D)
  Psyche (D)
  Dowan (D)
  Ijyb (D)
6 creatures vanquished.

Grand Total: 71 creatures vanquished

Notes
Turn   | Place    | Note
-------+----------+-------------------------------------------
     0 | D        | Found the +6 Majin-Bo {vamp, Archmagi MP+6 Int+6}
     0 | D        | Found the +7 great mace "Firestarter" {inner flame, rF++}
     0 | D        | Fang the Minotaur Berserker began the quest for the Orb.
     0 | D        | Reached XP level 1. HP: 19/19 MP: 0/0
     5 | D        | Found a blossoming altar of Fedhas.
     6 | D        | Found a viscous altar of Jiyva.
     6 | D        | Found a hazy altar of Hepliaklqana.
     6 | D        | Found a transporter.
     6 | D        | Found an opulent altar of Gozag.
     6 | D        | Found an ancient bone altar of Kikubaaqudgha.
     6 | D        | Found a corrupted altar of Lugonu.
    11 | D        | Killed Erolcha
    12 | D        | Found a burning altar of Makhleb.
    13 | D        | Found a stormy altar of Qazlal.
    13 | D        | Found a sacrificial altar of Ru.
    13 | D        | Found an iron altar of Okawaru.
    13 | D        | Found a deep blue altar of Sif Muna.
    13 | D        | Found a sparkling altar of Nemelex Xobeh.
    13 | D        | Found a bloodstained altar of Trog.
    79 | D        | Entered arena 2.
    79 | D        | Found a transporter.
   125 | D        | Reached ** piety under Trog
   132 | D        | Entered arena 3.
   132 | D        | Noticed a yak
   132 | D        | Found a transporter.
   133 | D        | Found the +9 staff of Wucad Mu {channel}
   139 | D        | Killed a yak
   139 | D        | Reached XP level 2. HP: 35/35 MP: 1/1
   139 | D        | Reached XP level 3. HP: 40/40 MP: 2/2
   139 | D        | Reached XP level 4. HP: 48/48 MP: 3/3
   139 | D        | Reached XP level 5. HP: 53/53 MP: 4/4
   141 | D        | Reached *** piety under Trog
   195 | D        | Entered arena 4.
   195 | D        | Noticed a merfolk
   195 | D        | Noticed a merfolk
   195 | D        | Noticed a merfolk
   195 | D        | Noticed a merfolk
   195 | D        | Found a transporter.
   196 | D        | Found the +3 salamander hide armour {+Rage rF++}
   203 | D        | Killed a merfolk
   203 | D        | Reached skill level 10 in Fighting
   203 | D        | Reached skill level 5 in Polearms
   203 | D        | Reached skill level 5 in Armour
   203 | D        | Reached skill level 5 in Dodging
   203 | D        | Reached XP level 6. HP: 67/67 MP: 5/5
   209 | D        | Killed a merfolk
   209 | D        | Reached skill level 10 in Axes
   209 | D        | Reached XP level 7. HP: 48/74 MP: 6/6
   213 | D        | Killed a merfolk
   213 | D        | Reached **** piety under Trog
   217 | D        | Killed a merfolk
   435 | D        | Entered arena 5.
   435 | D        | Found a transporter.
   437 | D        | Received a gift from Trog
   444 | D        | Reached ***** piety under Trog
   462 | D        | Entered arena 6.
   462 | D        | Noticed a deep elf mage
   462 | D        | Noticed a deep elf mage
   462 | D        | Noticed a flail of holy wrath
   462 | D        | Noticed an air elemental
   462 | D        | Noticed a deep elf knight
   462 | D        | Found a transporter.
   466 | D        | Killed an air elemental
   466 | D        | Reached XP level 8. HP: 85/85 MP: 7/7
   466 | D        | Killed a flail of holy wrath
   466 | D        | Received a gift from Trog
   474 | D        | Killed a deep elf mage
   474 | D        | Reached skill level 10 in Polearms
   476 | D        | Killed a deep elf mage
   476 | D        | Reached XP level 9. HP: 53/95 MP: 8/8
   479 | D        | Killed a deep elf knight
   493 | D        | Received a gift from Trog
   616 | D        | Killed Psyche
   628 | D        | Killed Ijyb
   772 | D        | Entered arena 7.
   772 | D        | Noticed a black mamba
   778 | D        | Killed a black mamba
   778 | D        | Reached skill level 15 in Fighting
   778 | D        | Reached ****** piety under Trog
   782 | D        | Reached skill level 10 in Armour
   783 | D        | Found a transporter.
   922 | D        | Entered arena 8.
   923 | D        | Found a transporter.
   926 | D        | Received a gift from Trog
  1058 | D        | Entered arena 9.
  1059 | D        | Found a transporter.
  1064 | D        | Received a gift from Trog
  1073 | D        | Received a gift from Trog
  1094 | D        | Got the +7 war axe "Ycvonong" {venom, rElec rC- MP+9 Dex+8}
  1105 | D        | Entered arena 10.
  1106 | D        | Found a transporter.
  1114 | D        | Received a gift from Trog
  1125 | D        | Got the ring "Hoam" {MR+ MP+9 Slay+2}
  1247 | D        | Entered arena 11.
  1248 | D        | Found a transporter.
  1254 | D        | Reached XP level 10. HP: 105/107 MP: 3/9
  1256 | D        | Received a gift from Trog
  1333 | D        | Killed Rupert
  1335 | D        | Killed Dowan
  1358 | D        | Entered arena 12.
  1358 | D        | Noticed a wolf spider
  1358 | D        | Noticed a wolf spider
  1358 | D        | Noticed a wolf spider
  1361 | D        | Found a transporter.
  1365 | D        | Killed a wolf spider
  1365 | D        | Received a gift from Trog
  1365 | D        | Reached skill level 15 in Axes
  1366 | D        | Killed a wolf spider
  1368 | D        | Killed a wolf spider
  1370 | D        | Received a gift from Trog
  1378 | D        | Got a shimmering trident {god gift}
  1378 | D        | HP: 3/111 [poisoned by a wolf spider]
  1379 | D        | Identified the +2 trident of Huewnoeg {holy, rElec} (Trog gifted it to you in the Dungeon)
  1379 | D        | HP: 1/111 [poisoned by a wolf spider]
  1469 | D        | Killed Erica
  1661 | D        | Entered arena 13.
  1661 | D        | Noticed a vault guard
  1661 | D        | Noticed a stone giant
  1661 | D        | Noticed a vault guard
  1661 | D        | Noticed a vault guard
  1661 | D        | Noticed a vault guard
  1662 | D        | Noticed a stone giant
  1662 | D        | Noticed a shadow dragon
  1662 | D        | Noticed a vault guard
  1663 | D        | Noticed a vault guard
  1663 | D        | Noticed a vault guard
  1664 | D        | Found a transporter.
  1667 | D        | Killed a vault guard
  1672 | D        | Slain by a stone giant

Skill      XL: |  1  2  3  4  5  6  7  8  9 10 |
---------------+-------------------------------+-----
Fighting       | 8 10 11 12 14 16 17 | 17.6
Axes           | 7 9 10 11 12 14 17 | 17.2
Polearms       | 2 5 6 8 10 11 | 11.4
Armour         | 4 5 6 8 9 10 | 10.8
Dodging        | 4 5 6 7 9 |  9.5
Stealth        | |  0.7

Action                   |  1- 3 |  4- 6 |  7- 9 | 10-12 || total
-------------------------+-------+-------+-------+-------++-------
Melee: Demon trident     |     8 |    17 |    30 |       ||    55
       Headbutt          |     3 |     1 |     8 |     8 ||    20
       War axe           |       |       |    49 |    22 ||    71
Invok: Berserk           |     2 |     1 |     2 |     2 ||     7
       Burn Spellbooks   |     1 |       |     3 |     1 ||     5
  Use: Potion            |       |       |       |     4 ||     4
  Eat: Chunk             |       |       |     2 |     2 ||     4
       Ration            |       |       |     1 |       ||     1
Armor: Shadow dragon sca |     4 |     8 |     2 |       ||    14
       Leather armour    |       |       |    11 |     3 ||    14
Dodge: Dodged            |     1 |     8 |    46 |    24 ||    79
